 Dungeon Crawl Stone Soup version 0.19.5 (webtiles) character file.

63 Aquagraph the Conjurer (level 4, -2/31 HPs)
             Began as a Human Conjurer on Apr 27, 2017.
             Killed from afar by Natasha (7 damage)
             ... with a magic dart
             ... on level 2 of the Dungeon.
             The game lasted 00:17:29 (1020 turns).

Aquagraph the Conjurer (Human Conjurer)             Turns: 1020, Time: 00:17:30

Health: -2/31      AC:  5    Str:  9    XL:     4   Next: 30%
Magic:  1/7        EV: 12    Int: 16    God:
Gold:   26         SH:  0    Dex: 13    Spells: 2 memorised, 4 levels left

rFire  . . .     SeeInvis .     f - +0 spear
rCold  . . .     Gourm    .     k - +0 leather armour
rNeg   . . .     Faith    .     (no shield)
rPois  .         Spirit   .     m - +1 helmet
rElec  .         Reflect  .     (no cloak)
rCorr  .         Harm     .     (no gloves)
MR     .....                    (no boots)
Stlth  ++........               i - amulet of rage
                                (no ring)
                                (no ring)

@: no status effects
A: no striking features
a: Evoke Berserk Rage


You were on level 2 of the Dungeon.
You were hungry.

You visited 1 branch of the dungeon, and saw 2 of its levels.

You collected 26 gold pieces.

Inventory:

Hand Weapons
 f - a +0 spear (weapon)
 j - a +0 hunting sling
Missiles
 d - 2 steel tomahawks (quivered)
Armour
 a - a +0 robe
 k - a +0 leather armour (worn)
 m - a +1 helmet (worn)
Jewellery
 i - an amulet of rage (around neck)
Scrolls
 g - a scroll of identify
 o - a scroll of teleportation {unknown}
Books
 b - a book of Conjurations

   Spells                             Type                      Level
   a - Magic Dart                     Conjuration                  1
   b - Searing Ray                    Conjuration                  2
   c - Dazzling Spray                 Conjuration/Hexes            3
   d - Fulminant Prism                Conjuration/Hexes            4
   e - Iskenderun's Mystic Blast      Conjuration                  4
   f - Iskenderun's Battlesphere      Conjuration/Charms           5
Comestibles
 c - a bread ration
 h - a royal jelly
 n - a chunk of flesh


   Skills:
 + Level 0.4 Fighting
 + Level 1.2 Polearms
 + Level 0.2 Throwing
 + Level 2.1 Dodging
 + Level 2.3 Stealth
 + Level 2.2 Spellcasting
 + Level 4.8 Conjurations


You had 4 spell levels left.
You knew the following spells:

 Your Spells              Type           Power        Failure   Level  Hunger
a - Magic Dart            Conj           ###.         4%          1    #......
b - Searing Ray           Conj           ###...       10%         2    ###....


Dungeon Overview and Level Annotations

Branches:
Dungeon (2/15)

Altars:

Annotations:
D:2 Natasha


Message History

Natasha howls an incantation.
You feel disoriented.
The crimson imp blinks!
Natasha stares at you and mumbles some strange words.
You resist with some effort.
Found 7 gold pieces.
Casting: Searing Ray
Confirm with . or Enter, or press ? or * to list all spells.
Aiming: Searing Ray
Press: ? - help, Shift-Dir - straight line, f/p - Natasha
Aim: Natasha The searing ray misses Natasha. (Press . to maintain the ray.)
The crimson imp blinks!
The crimson imp laughs crazily.
You see here 7 gold pieces.
A kobold comes into view. It is wielding a dagger.
Natasha casts a spell at you. The magic dart hits you!
You die...

#.#.# #.##.........
#.#.# #.##.........
#.#.# #5##.........
#.#.# #.##.........
#.#.# #.##.........
.#.####.#######.###
#.h..5.# #.#
#$###### #.# #@#
#.### #........K.
#.... ###.#######
##### ###


You could see Natasha and a kobold (sleeping).

Vanquished Creatures
  An adder (D:2)
  2 oozes (D:1)
  A dart slug (D:1)
  3 leopard geckos
  4 bats
  3 hobgoblins (D:1)
  4 jackals (D:1)
  9 kobolds
  2 ball pythons (D:1)
  3 frilled lizards
  4 goblins
  5 rats
41 creatures vanquished.

Notes
Turn   | Place    | Note
-------+----------+-------------------------------------------
     0 | D:1      | Aquagraph the Human Conjurer began the quest for the Orb.
     0 | D:1      | Reached XP level 1. HP: 13/13 MP: 3/3
   226 | D:1      | Reached XP level 2. HP: 17/19 MP: 5/5
   401 | D:1      | Reached XP level 3. HP: 16/24 MP: 2/6
   622 | D:1      | Reached skill level 1 in Polearms
   646 | D:1      | Learned a level 1 spell: Magic Dart
   649 | D:1      | Learned a level 2 spell: Searing Ray
   849 | D:2      | Reached XP level 4. HP: 30/30 MP: 4/7
   962 | D:2      | Noticed Natasha
   982 | D:2      | HP: 1/31 [shadow imp/nerve-wracking pain[Natasha] (7)]
  1020 | D:2      | Killed from afar by Natasha

Skill      XL: |  1  2  3 |
---------------+----------+-----
Polearms       | 1 |  1.2
Fighting       | |  0.4
Throwing       | |  0.2
Dodging        | |  2.1
Stealth        | |  2.3
Spellcasting   | |  2.2
Conjurations   | |  4.8

Action                   |  1- 3 |  4- 6 || total
-------------------------+-------+-------++-------
Melee: Spear             |    39 |     9 ||    48
       Unarmed           |     1 |       ||     1
Throw: Tomahawk          |     7 |       ||     7
 Cast: Magic Dart        |    39 |     2 ||    41
       Searing Ray       |       |     8 ||     8
  Use: Scroll            |     5 |     1 ||     6
       Potion            |     1 |     1 ||     2
 Stab: Sleeping          |     4 |     1 ||     5
  Eat: Chunk             |       |     1 ||     1
Armor: Robe              |     1 |       ||     1
       Leather armour    |     3 |     7 ||    10
Dodge: Dodged            |    17 |    18 ||    35
